 Dungeon Crawl Stone Soup version 0.19.0-11-g3fc08b3 (webtiles) character file.

168 emikaela the Cutter (level 5, 0/41 HPs)
             Began as a Vampire Abyssal Knight on Nov 9, 2016.
             Was a Believer of Lugonu.
             Slain by a kobold
             ... wielding a +1 short sword of venom
              (2 damage)
             ... on level 3 of the Dungeon.
             The game lasted 00:07:15 (4122 turns).

emikaela the Cutter (Vampire Abyssal Knight)        Turns: 4122, Time: 00:07:16

Health: 0/41       AC:  6    Str: 16    XL:     5   Next: 23%
Magic:  6/6        EV: 12    Int: 15    God:    Lugonu [**....]
Gold:   139        SH:  0    Dex: 14    Spells: 0 memorised, 4 levels left

rFire  . . .     SeeInvis +     i - -2 short sword (curse)
rCold  . . .     Gourm    .     b - +0 leather armour
rNeg   + . .     Faith    .     (no shield)
rPois  .         Spirit   .     f - +1 helmet
rElec  .         Reflect  .     (no cloak)
rCorr  +         Harm     .     m - +0 pair of gloves
MR     .....                    (no boots)
Stlth  ++........               (no amulet)
                                (no ring)
                                j - ring of resist corrosion

@: mighty, lethally poisoned (0 -> -10)
A: fangs 3, see invisible, unbreathing
a: Bat Form, Depart the Abyss, Bend Space, Renounce Religion


You were on level 3 of the Dungeon.
You worshipped Lugonu.
Lugonu was pleased with you.
You were not thirsty.

You visited 1 branch of the dungeon, and saw 3 of its levels.
You visited the Abyss 1 time.

You collected 139 gold pieces.

Inventory:

Hand Weapons
 a - a +1 short sword
 i - a cursed -2 short sword (weapon)
Missiles
 d - 21 bolts
 g - 53 arrows
 h - 48 stones (quivered)
 n - 25 sling bullets
 p - 3 javelins
Armour
 b - a +0 leather armour (worn)
 f - a +1 helmet (worn)
 m - a +0 pair of gloves (worn)
Jewellery
 j - a ring of resist corrosion (left hand)
 o - an uncursed ring of fire
Scrolls
 e - a scroll of blinking
Potions
 c - 6 potions of blood
 k - a potion of might
 r - a potion of magic


   Skills:
 + Level 3.6 Fighting
 * Level 4.2 Short Blades
 - Level 0.7 Armour
 - Level 2.1 Dodging
 + Level 4.2 Stealth
 - Level 1.5 Invocations


You had 4 spell levels left.
You didn't know any spells.

Dungeon Overview and Level Annotations

Branches:
Dungeon (3/15)

Altars:

Annotations:
D:2 Natasha


Innate Abilities, Weirdness & Mutations

You have razor-sharp teeth.
You have supernaturally acute eyesight. (SInv)
You can survive without breathing.


Message History

You puncture the orc!
The orc is almost dead.
You feel sick.
The orc hits you with a short sword of electrocution.
The orc barely misses you. The kobold closely misses you.
You puncture the orc!
You kill the orc!
Lugonu accepts your kill.
You feel sick.
The orc hits you with a short sword of electrocution.
* * * LOW HITPOINT WARNING * * *
The kobold barely misses you.
You hit the orc.
The orc is moderately wounded.
* * * LOW HITPOINT WARNING * * *
You feel sick.
The orc hits you with a short sword of electrocution.
* * * LOW HITPOINT WARNING * * *
The kobold hits you with a short sword of venom.
You die...

###### ##..........## #####
#............## ##...##
..............# ##.....##
..............# #.......####
............).###.......##.#
............)@#............###
............Ko)...............
#............####.............
..........................o...
...........######.......#.....
.#######....#####.K.o..o..#...
## #..K..............###.. #
###.......####...... ##>
+.......#..####.#....####


You could see an orc and a kobold.

Vanquished Creatures
  An orc priest (D:3)
  Robin (D:2)
  4 adders (D:2)
  A gnoll (D:2)
  A worm (D:2)
  A dart slug (D:1)
  A leopard gecko (D:2)
  3 orcs (D:3)
  2 giant cockroaches (D:1)
  7 goblins
  5 hobgoblins (D:2)
  10 jackals
  11 kobolds
  5 bats
  7 frilled lizards
  16 rats
76 creatures vanquished.

Notes
Turn   | Place    | Note
-------+----------+-------------------------------------------
     0 | Abyss:1  | emikaela the Vampire Abyssal Knight began the quest for the Orb.
     0 | Abyss:1  | Reached XP level 1. HP: 17/17 MP: 2/2
     7 | Abyss:1  | Found a corrupted altar of Lugonu.
   252 | Abyss:1  | Found a corrupted altar of Lugonu.
   311 | Abyss:1  | Noticed a neqoxec
   311 | D:1      | Escaped the Abyss
   356 | D:1      | Reached skill level 1 in Stealth
   366 | D:1      | Reached XP level 2. HP: 9/23 MP: 3/3
   722 | D:1      | Reached * piety under Lugonu
   986 | D:1      | Reached XP level 3. HP: 29/29 MP: 4/4
  1935 | D:2      | Noticed Robin
  1978 | D:2      | Killed Robin
  2491 | D:2      | Reached XP level 4. HP: 17/35 MP: 5/5
  2863 | D:2      | You fall through a shaft!
  3138 | D:2      | Noticed Natasha
  3419 | D:2      | Reached ** piety under Lugonu
  4116 | D:3      | Reached XP level 5. HP: 12/41 MP: 6/6
  4122 | D:3      | HP: 2/41 [orc/short sword of electrocution (5)]
  4122 | D:3      | Slain by a kobold

Skill      XL: |  1  2  3  4 |
---------------+-------------+-----
Stealth        | 1 3 4 |  4.2
Fighting       | 3 |  3.6
Short Blades   | 3 4 |  4.2
Armour         | |  0.7
Dodging        | |  2.1
Invocations    | |  1.5

Action                   |  1- 3 |  4- 6 || total
-------------------------+-------+-------++-------
Melee: Short sword       |   188 |   194 ||   382
       Bite              |    27 |    21 ||    48
Invok: Depart the Abyss  |     1 |       ||     1
  Use: Scroll            |     4 |     5 ||     9
       Potion            |     2 |    12 ||    14
 Stab: Sleeping          |     4 |     3 ||     7
Armor: Leather armour    |    38 |    80 ||   118
Dodge: Dodged            |    95 |   143 ||   238
